 Dungeon Crawl Stone Soup version 0.21.0 (webtiles) character file.

88 Drusha21 the Covered (level 4, -3/40 HPs)
             Began as a Minotaur Fighter on Mar 6, 2018.
             Slain by a sky beast (5 damage)
             ... on level 3 of the Dungeon.
             The game lasted 00:04:20 (1741 turns).

Drusha21 the Covered (Minotaur Fighter)             Turns: 1741, Time: 00:04:22

Health: -3/40      AC:  7    Str: 22    XL:     4   Next: 29%
Magic:  3/3        EV:  7    Int:  5    God:
Gold:   65         SH:  9    Dex:  9    Spells: 3/3 levels left

rFire    . . .     SeeInvis .   a - +0 war axe
rCold    . . .     Gourm    .   c - +0 shield
rNeg     . . .     Faith    .   b - +0 scale mail
rPois    .         Spirit   .   (helmet restricted)
rElec    .         Reflect  .   (no cloak)
rCorr    .         Harm     .   (no gloves)
MR       .....                  (no boots)
Stlth    ..........             (no amulet)
HPRegen  0.13/turn              (no ring)
MPRegen  0.08/turn              (no ring)

@: no status effects
A: retaliatory headbutt, horns 2
a: no special abilities


You were on level 3 of the Dungeon.
You were not hungry.

You visited 1 branch of the dungeon, and saw 3 of its levels.

You collected 65 gold pieces.

Inventory:

Hand Weapons
 a - a +0 war axe (weapon)
Armour
 b - a +0 scale mail (worn)
 c - a +0 shield (worn)
Scrolls
 e - 2 scrolls of fog {unknown}
 h - a scroll of remove curse {unknown}
 j - 3 scrolls of identify {unknown}
 k - a scroll of enchant weapon {unknown}
 l - 2 scrolls of teleportation {unknown}
 m - 2 scrolls of fear {unknown}
 n - a scroll of immolation {unknown}
 p - a scroll of enchant armour {unknown}
 q - 2 scrolls of amnesia {unknown}
Potions
 d - a potion of might
 g - 2 potions of mutation {unknown}
 o - a potion of curing {unknown}
Comestibles
 f - 5 rations
 i - a chunk of flesh


   Skills:
 + Level 4.1 Fighting
 + Level 4.1 Axes
 + Level 4.2 Armour
 + Level 0.2 Dodging
 + Level 0.1 Stealth
 + Level 4.1 Shields


You had 3 spell levels left.
You didn't know any spells.

Dungeon Overview and Level Annotations

Branches:
Dungeon (3/15)

Altars:
Hepliaklqana
Qazlal
Trog
Vehumet


Innate Abilities, Weirdness & Mutations

You reflexively headbutt those who attack you in melee.
You have a pair of horns on your head.


Message History

You barely miss the sky beast.
The sky beast is moderately wounded.
The sky beast hits you but does no damage.
You slash the sky beast! Your headbutt misses the sky beast.
The sky beast is severely wounded.
You block the sky beast's attack.
The sky beast hits you but does no damage.
You barely miss the sky beast.
The sky beast is severely wounded.
The sky beast hits you.
* * * LOW HITPOINT WARNING * * *
The sky beast shocks you.
* * * LOW HITPOINT WARNING * * *
You hit the sky beast but do no damage.
The sky beast is severely wounded.
The sky beast hits you but does no damage.
The sky beast hits you.
* * * LOW HITPOINT WARNING * * *
The sky beast shocks you.
You die...

###########
#...≈.....####
#....Y........
#@###.## ###.# #
#.##...##.....#
#...###....#.<..#
..>.....##...##......
#..########.## ##..#
#.# # #.# ..# ###


You could see a sky beast.

Vanquished Creatures
  3 gnolls (D:2)
  An adder (D:2)
  3 oozes (D:1)
  2 worms (D:2)
  3 leopard geckos (D:2)
  A ball python (D:1)
  2 giant cockroaches (D:2)
  A goblin (D:2)
  3 hobgoblins (D:2)
  5 bats
  5 kobolds
  5 rats
34 creatures vanquished.

Notes
Turn   | Place    | Note
-------+----------+-------------------------------------------
     0 | D:1      | Drusha21 the Minotaur Fighter began the quest for the Orb.
     0 | D:1      | Reached XP level 1. HP: 19/19 MP: 0/0
   323 | D:1      | Reached XP level 2. HP: 27/27 MP: 1/1
   855 | D:2      | Reached XP level 3. HP: 28/33 MP: 2/2
   947 | D:2      | Found a hazy altar of Hepliaklqana.
  1123 | D:2      | Found a radiant altar of Vehumet.
  1400 | D:2      | Reached XP level 4. HP: 33/40 MP: 3/3
  1421 | D:2      | Found a bloodstained altar of Trog.
  1426 | D:2      | Found a stormy altar of Qazlal.
  1722 | D:3      | Noticed a sky beast
  1741 | D:3      | HP: 2/40 [sky beast (2)]
  1741 | D:3      | Slain by a sky beast

Skill      XL: |  1  2  3 |
---------------+----------+-----
Fighting       | 4 |  4.1
Axes           | 3 4 |  4.1
Armour         | 4 |  4.2
Shields        | 4 |  4.1
Dodging        | |  0.2
Stealth        | |  0.1

Action                   |  1- 3 |  4- 6 || total
-------------------------+-------+-------++-------
Melee: War axe           |    78 |    34 ||   112
       Headbutt          |    11 |     2 ||    13
  Eat: Chunk             |     1 |     2 ||     3
Armor: Scale mail        |    31 |    21 ||    52
Dodge: Dodged            |    25 |     6 ||    31
Block: Shield            |    41 |    14 ||    55
